 Dungeon Crawl Stone Soup version 0.29.1-13-g9f3cf754e1 (webtiles) character file.

Game seed: 9793024124071402589

44 cdecastro the Chopper (level 3, 0/31 HPs)
             Began as a Hill Orc Fighter on Feb 7, 2023.
             Slain by Natasha (5 damage)
             ... on level 2 of the Dungeon.
             The game lasted 00:02:57 (1175 turns).

cdecastro the Chopper (Hill Orc Fighter)            Turns: 1175, Time: 00:02:58

Health: 0/31       AC:  6    Str: 20    XL:     3   Next: 62%
Magic:  3/3        EV:  9    Int:  8    God:
Gold:   83         SH:  0    Dex: 10    Spells: 2/2 levels left

rFire   . . .      SeeInvis .   a - +0 war axe
rCold   . . .      Faith    .   (no shield)
rNeg    . . .      Spirit   .   b - +0 scale mail
rPois   .          Reflect  .   (no helmet)
rElec   .          Harm     .   (no cloak)
rCorr   .          Rampage  .   (no gloves)
Will    .....                   (no boots)
Stlth   ..........              (no amulet)
HPRegen 0.10/turn               (no ring)
MPRegen 0.08/turn               (no ring)

@: slowed, very slow
A: no striking features
a: no special abilities


You were on level 2 of the Dungeon.
You visited 1 branch of the dungeon, and saw 2 of its levels.

You collected 83 gold pieces.

Inventory:

Hand Weapons
 a - a +0 war axe (weapon)
 g - a +0 hand axe of flaming
Armour
 b - a +0 scale mail (worn)
 c - a +0 buckler
Scrolls
 f - a scroll of enchant armour {unknown}
 h - a scroll of magic mapping {unknown}
 i - a scroll of immolation
 m - a scroll of enchant weapon {unknown}
Potions
 d - a potion of might
 e - a potion of degeneration {unknown}
 j - a potion of ambrosia {unknown}
 k - a potion of haste
 l - a potion of attraction {unknown}
 n - a potion of lignification {unknown}


   Skills:
 - Level 3.6 Fighting
 + Level 5.2 Axes
 - Level 3.2 Armour
 - Level 3.2 Shields


You had 2 spell levels left.
You didn't know any spells.
Your spell library contained the following spells:

 Spells                   Type           Power      Damage    Failure   Level
 Sandblast                Erth           0%         2d4       77%         1
 Passwall                 Tmut/Erth      0%         N/A       88%         2
 Stone Arrow              Conj/Erth      0%         3d7       98%         3


Dungeon Overview and Level Annotations

Branches:
Dungeon (2/15)

Altars:

Annotations:
D:2 Natasha


Message History

Natasha drinks a potion.
Natasha seems to speed up.
Natasha howls an incantation.
You feel disoriented. Natasha casts a spell at you.
You resist with significant effort. Natasha claws you.
You hit Natasha.
Natasha is moderately wounded.
Natasha barely misses you. Natasha closely misses you.
You barely miss Natasha.
Natasha is moderately wounded.
You barely miss the crimson imp.
Natasha mumbles some strange words.
Natasha glows brightly for a moment.
Natasha barely misses you. The crimson imp barely misses you.
Natasha barely misses you.
You barely miss Natasha.
Natasha is moderately wounded.
You barely miss the crimson imp. Natasha claws you but does no damage.
The crimson imp hits you but does no damage.
Natasha casts a spell at you.
You feel yourself slow down.
The crimson imp blinks!
You hit Natasha.
Natasha is heavily wounded.
Natasha claws you! Natasha claws you.
* * * LOW HITPOINT WARNING * * *
Natasha barely misses you.
Unknown command.
You hit Natasha.
Natasha is severely wounded.
Natasha claws you.
* * * LOW HITPOINT WARNING * * *
Natasha casts a spell at you. The magic dart hits you.
* * * LOW HITPOINT WARNING * * *
Natasha barely misses you.
The crimson imp blinks!
You hit Natasha.
Natasha is severely wounded.
Natasha misses you. Natasha claws you.
You die...

#.### #.######.#
##.........
###.#.######.
#..###.# #
#.#.#.##
#.#######.##.##
#.##.....?......#
#.
#....§h@.###.##.#
#. ......##.#
#....# ####.
#..## #># ####..
..... # #.# #.##
##### #.# #.# #
#.# #.# # ..#
##### .## .....
.....


You could see Natasha (fast).

Vanquished Creatures
  An adder (D:2)
  A dart slug (D:1)
  3 bats
  4 endoplasms (D:1)
  A giant cockroach (D:2)
  3 goblins (D:1)
  3 hobgoblins (D:1)
  3 jackals (D:1)
  2 kobolds (D:1)
  4 quokkas (D:1)
  2 rats (D:1)
27 creatures vanquished.

Notes
Turn   | Place    | Note
-------+----------+-------------------------------------------
     0 | D:1      | cdecastro the Hill Orc Fighter began the quest for the Orb.
     0 | D:1      | Reached XP level 1. HP: 19/19 MP: 1/1
    61 | D:1      | Reached skill level 3 in Axes
   158 | D:1      | Reached XP level 2. HP: 23/26 MP: 2/2
   326 | D:1      | Reached skill level 4 in Axes
   417 | D:1      | Found a faded altar of an unknown god.
   572 | D:1      | Reached XP level 3. HP: 26/31 MP: 3/3
  1023 | D:2      | Reached skill level 5 in Axes
  1164 | D:2      | Noticed Natasha
  1175 | D:2      | Slain by Natasha

Illustrated notes

Levels and vault maps discovered:
D:1:      lemuel_arrival_river_passageway, layout_loops_ring,
          hellmonk_ecumenical_altar_blasted
D:2:      layout_loops_cross, uniq_natasha

Skill      XL: |  1  2  3 |
---------------+----------+-----
Axes           | 3 4 5 |  5.2
Fighting       | |  3.6
Armour         | |  3.2
Shields        | |  3.2

Action                   || total
-------------------------++-------
Melee: War axe           ||    90
Armor: Scale mail        ||    50
Dodge: Dodged            ||    72
